cohdb
Replays
Latest Replays
All Replays
Popular Replays
Top Player Replays
Match Explorer
How It Works
Community
CoH3 Stats
Reddit
Sign in to upload your games and track your stats! →
Sign in with Steam
Match 41401050
Unlisted
Match 41401050
Overview
Messages
Build Orders
End
Construct Infanterie Kompanie
Selects Luftwaffe Battlegroup
Grenadier Squad
MG 42 Machine Gun Team
Selects Luftwaffe Pioneer Support
GrW 34 Mortar Team
Grenadier Squad
Construct Panzergrenadier Kompanie
Grenadier Squad
Medical Station
251 Medium Carrier
Selects Stuka Strafing Run
Selects Fallschirmjäger Squad Paradrop
Pak 40 Anti-tank Gun Team
Valdai
Danh Vo
Sailor
Mr.Wu
dkdkabc
Trump Blesses America
(๑>◡<๑)
J
0
0
Comments
sign in to comment!
No comments posted yet!